 Dungeon Crawl Stone Soup version 0.28-a0-1182-g381e24db82 (webtiles) character file.

Game seed: 8290763160121371820

889 bearlyready the Destroyer (level 7, 0/50 HPs)
             Began as a Red Draconian Conjurer on Dec 16, 2021.
             Was an Initiate of Gozag.
             Killed from afar by a white imp (9 damage)
             ... with a puff of frost
             ... on level 6 of the Dungeon.
             The game lasted 00:09:57 (7975 turns).

bearlyready the Destroyer (Red Draconian Conjurer)  Turns: 7975, Time: 00:09:58

Health: 0/50       AC:  8    Str:  9    XL:     7   Next: 77%
Magic:  1/10       EV: 12    Int: 21    God:    Gozag
Gold:   197        SH:  0    Dex:  9    Spells: 3/10 levels left

rFire   + . .      SeeInvis .   l - +4 dagger
rCold   . . .      Faith    .   (no shield)
rNeg    . . .      Spirit   .   (armour unavailable)
rPois   .          Reflect  .   (helmet restricted)
rElec   .          Harm     .   m - +0 cloak
rCorr   .          Rampage  .   k - +0 pair of gloves
Will    .....                   (no boots)
Stlth   ++........              (no amulet)
HPRegen 0.16/turn               (no ring)
MPRegen 0.12/turn               (no ring)

@: short of breath, gold aura, hasted, very quick
A: breathe fire, AC +6, unfitting armour, fire resistance 1, cold-blooded
a: Breathe Fire, Renounce Religion, Potion Petition, Call Merchant, Bribe Branch


You were on level 6 of the Dungeon.
You worshipped Gozag.
Gozag was aware of your devotion.
You visited 2 branches of the dungeon, and saw 7 of its levels.

You collected 239 gold pieces.
You paid 42 gold pieces to Gozag.

Inventory:

Hand Weapons
 l - a +4 dagger (weapon)
 p - a +1 dagger of draining
Missiles
 u - 5 javelins
Armour
 k - a +0 pair of gloves (worn)
 m - a +0 cloak (worn)
Magical Staves
 d - a staff of poison
 t - a staff of fire
Jewellery
 n - a +4 ring of protection
 o - an amulet of magic regeneration
Wands
 q - a wand of mindburst (4)
 s - a wand of iceblast (10)
Scrolls
 a - 2 scrolls of enchant armour {unknown}
 b - a scroll of teleportation
 c - a scroll of silence {unknown}
 e - 2 scrolls of fog
 f - a scroll of amnesia {unknown}
 g - 4 scrolls of identify
 h - 2 scrolls of blinking
 i - a scroll of noise {unknown}
 r - a scroll of immolation {unknown}
 w - a scroll of enchant weapon {unknown}
Potions
 j - 3 potions of brilliance


   Skills:
 - Level 1.7 Dodging
 - Level 1.7 Stealth
 - Level 2.0 Spellcasting
 + Level 8.1 Conjurations
 + Level 4.7 Hexes


You had 3 spell levels left.
You knew the following spells:

 Your Spells              Type           Power      Damage    Failure   Level
a - Magic Dart            Conj           100%       1d8       1%          1
b - Searing Ray           Conj           72%        2d7       1%          2
c - Fulminant Prism       Conj/Hex       14%        3d9       11%         4

Your spell library contained the following spells:

 Spells                   Type           Power      Damage    Failure   Level
 Dazzling Flash           Conj/Hex       58%        N/A       3%          3
 Iskenderun's Mystic Bla  Conj/Tloc      19%        2d6       26%         4


Dungeon Overview and Level Annotations

Branches:
Dungeon (6/15)             Temple (1/1) D:5

Altars:
Ashenzari
Cheibriados
Dithmenos
Elyvilon
Fedhas
Gozag
Hepliaklqana
Kikubaaqudgha
Makhleb
Nemelex Xobeh
Okawaru
Qazlal
Ru
Trog
Uskayaw
Vehumet
Wu Jian
Xom
Yredelemnul
The Shining One


Innate Abilities, Weirdness & Mutations

You can breathe blasts of fire.
Your fiery red scales are hard. (AC +6)
You cannot fit into any form of body armour.
Your flesh is heat resistant. (rF+)
You are cold-blooded and may be slowed by cold attacks.


Message History

You can't do that yet.
Aiming: Magic Dart (safe; 1% risk of failure)
Press: ? - help, Q - select action, (/) - cycle Shift-Dir - straight line, f - white imp
Aim: a white imp (moderately wounded, 100% to hit)
The magic dart hits the white imp but does no damage.
The white imp is moderately wounded.
The white imp shouts, "Run away, thou worthless motley-minded wormtrail!"
The white imp gestures at you. The puff of frost hits you.
You barely miss the white imp.
The white imp is moderately wounded.
The white imp hits you but does no damage.
You hit the white imp.
Your tail-slap misses the white imp.
The white imp is moderately wounded.
The white imp hits you but does no damage.
Aiming: Magic Dart (safe; 1% risk of failure)
Press: ? - help, Q - select action, (/) - cycle Shift-Dir - straight line, f/p - white imp
Aim: a white imp (moderately wounded, 100% to hit)
The magic dart hits the white imp but does no damage.
The white imp is moderately wounded.
The white imp hits you. The white imp freezes you.
You feel yourself slow down.
* * * LOW HITPOINT WARNING * * *
Aiming: Magic Dart (safe; 1% risk of failure)
Press: ? - help, Q - select action, (/) - cycle Shift-Dir - straight line, f/p - white imp
Aim: a white imp (moderately wounded, 100% to hit)
The magic dart hits the white imp.
The white imp is heavily wounded.
The white imp gestures at you. The puff of frost hits you.
* * * LOW HITPOINT WARNING * * *
The white imp misses you.
It was a potion of haste.
You feel yourself speed up.
You feel yourself speed up.
The white imp hits you but does no damage.
You barely miss the white imp.
The white imp is heavily wounded.
The white imp gestures at you. The puff of frost hits you!
You die...
Your body crumbles into a pile of gold.

#######.§.......
.....§.........#
...###§###..#.#
#.# #..# #
##.###..#
##.##...##..#
.......#.....#
#..#
##.###...##.## #..
###.###@## #.[
###.##)....5..#.#
#..
..........##..#.##
#.#
###.####..##....)#
#.# ###.##
#......... #^#####
....# ##.##.....
#...>.. #..#
#.##..#.## #.##...
#..####.##..#.#
#.##.##
#...........#.#
#.##.#


You could see a white imp.

Vanquished Creatures
  A steam dragon (D:6)
  A water moccasin (D:4)
  2 ogres
  A bullfrog (D:6)
  A water moccasin zombie (D:5)
  A howler monkey (D:5)
  A bullfrog zombie (D:5)
  An orc priest (D:3)
  2 hounds
  2 orc wizards (D:3)
  A howler monkey zombie (D:5)
  4 adders
  3 gnolls (D:3)
  An ufetubus (D:6)
  3 worms
  3 dart slugs
  6 orcs
  5 ball pythons
  7 endoplasms
  A giant cockroach (D:2)
  11 hobgoblins
  6 kobolds
  A quokka (D:1)
  3 bats
  6 frilled lizards
  8 goblins
  4 rats
86 creatures vanquished.

Vanquished Creatures (others)
  2 fulminant prisms
2 creatures vanquished.

Grand Total: 88 creatures vanquished

Notes
Turn   | Place    | Note
-------+----------+-------------------------------------------
     0 | D:1      | bearlyready the Draconian Conjurer began the quest for the
                  | Orb.
     0 | D:1      | Reached XP level 1. HP: 14/14 MP: 3/3
   509 | D:1      | Reached XP level 2. HP: 13/20 MP: 0/5
   512 | D:1      | Learned a level 2 spell: Searing Ray
   840 | D:1      | Found a faded altar of an unknown god.
  1793 | D:2      | Reached skill level 5 in Conjurations
  1824 | D:2      | HP: 1/20 [hobgoblin (3)]
  1840 | D:2      | Reached XP level 3. HP: 4/26 MP: 3/6
  3404 | D:2      | You fall into a shaft and drop 1 floor!
  3775 | D:3      | Found a snail-covered altar of Cheibriados.
  3775 | D:3      | Found a faded altar of an unknown god.
  3860 | D:4      | Reached XP level 4. HP: 26/33 MP: 3/7
  4012 | D:4      | Reached skill level 6 in Conjurations
  4110 | D:4      | Learned a level 4 spell: Fulminant Prism
  4149 | D:4      | Noticed an ogre
  4175 | D:5      | Entered Level 5 of the Dungeon
  4181 | D:5      | Reached XP level 5. HP: 38/38 MP: 0/8
  4191 | D:4      | Noticed a water moccasin
  4224 | D:3      | Reached skill level 1 in Hexes
  4952 | D:3      | Found a shadowy altar of Dithmenos.
  5253 | D:3      | Reached XP level 6. HP: 9/45 MP: 9/9
  5645 | D:4      | Killed a water moccasin
  5646 | D:4      | Reached skill level 7 in Conjurations
  5880 | D:4      | Identified the +2 leather armour of the Stained Grue
                  | {Contam rElec rPois rCorr}
  6510 | D:5      | Found a staircase to the Ecumenical Temple.
  6557 | Temple   | Entered the Ecumenical Temple
  6696 | Temple   | Became a worshipper of Gozag Ym Sagoz the Greedy
  6736 | D:5      | Your scales start taking on a fiery red colour.
  6736 | D:5      | Reached XP level 7. HP: 45/50 MP: 1/10
  6736 | D:5      | Gained mutation: Your flesh is heat resistant. (rF+) [Red
                  | Draconian growth]
  7944 | D:6      | Noticed a steam dragon
  7961 | D:6      | Killed a steam dragon
  7962 | D:6      | Reached skill level 8 in Conjurations
  7975 | D:6      | Killed from afar by a white imp

Illustrated notes

Levels and vault maps discovered:
D:1:      tarquinn_simple_flora_water_b, layout_loops_cross,
          shapermc_ecumenical_altar_flowoftime, minmay_hedge_maze,
          minmay_misc_feat_secret_circle, hangedman_decor_peaks_small
D:2:      layout_basic, minmay_stone_trees_large, kennysheep_another_room
D:3:      layout_rooms, nicolae_dithmenos_shadow_blocks,
          nicolae_overflow_ecumenical_swirl
D:4:      layout_loops_ring, grunt_ministairs_9
D:5:      layout_cave_pods, minmay_temple_entry_junction_2, serial_glass,
          glass_columns_b, glass_columns_a
D:6:      layout_loops_ring, serial_shops, kennysheep_little_box, uniq_maggie
Temple:   hc_temple_tempest_star

Skill      XL: |  1  2  3  4  5  6  7 |
---------------+----------------------+-----
Conjurations   | 5 6 7 8 |  8.1
Hexes          | 2 3 4 |  4.7
Dodging        | |  1.7
Stealth        | |  1.7
Spellcasting   | |  2.0

Action                   |  1- 3 |  4- 6 |  7- 9 || total
-------------------------+-------+-------+-------++-------
Melee: Unarmed           |    46 |       |       ||    46
       Tailslap          |    24 |     8 |     5 ||    37
       Dagger            |   213 |    78 |    55 ||   346
 Cast: Magic Dart        |    16 |     5 |    11 ||    32
       Searing Ray       |     6 |    13 |     2 ||    21
       Fulminant Prism   |       |     2 |       ||     2
 Abil: Breathe Fire      |       |       |     4 ||     4
  Use: Potion            |     1 |     1 |     1 ||     3
       Scroll            |       |     4 |       ||     4
 Stab: Sleeping          |     1 |     3 |       ||     4
Armor: Skin              |   110 |    37 |    25 ||   172
Dodge: Dodged            |   188 |    44 |    29 ||   261

Table legend: (Time is in decaauts)
 A = Elapsed time spent in this place.
 B = Non-inter-level travel time spent in this place.
 C = Inter-level travel time spent in this place.
 D = Time resting spent in this place.
 E = Time spent auto-exploring this place.
 F = Levels seen in this place.
 G = Mean time per level.
                   A        B        C        D        E       F      G
               +--------+--------+--------+--------+--------+-----+--------+
         Total |   8007 |   7781 |    226 |   1014 |   5445 |   7 | 1143.9 |
       Dungeon |   7829 |   7626 |    203 |   1014 |   5332 |   6 | 1304.8 |
        Temple |    177 |    155 |     22 |      0 |    113 |   1 |  177.0 |
               +--------+--------+--------+--------+--------+-----+--------+

Top non-repeatable levels by time:
     D:2: 2041 daAuts
     D:1: 1780 daAuts
     D:3: 1328 daAuts
     D:4: 1287 daAuts
     D:5: 1121 daAuts
     D:6: 270 daAuts
  Temple: 177 daAuts
